 Dungeon Crawl Stone Soup version 0.28.0-45-g0d030f2227 (webtiles) character file.

Game seed: 16844267175007982676

44 bobregger the Skirmisher (level 3, -3/40 HPs)
             Began as an Ogre Berserker on Apr 20, 2022.
             Was a Follower of Trog.
             Slain by an adder (4 damage)
             ... on level 2 of the Dungeon.
             The game lasted 00:01:09 (1169 turns).

bobregger the Skirmisher (Ogre Berserker)           Turns: 1169, Time: 00:01:10

Health: -3/40      AC:  3    Str: 21    XL:     3   Next: 60%
Magic:  3/3        EV: 10    Int:  8    God:    Trog [*.....]
Gold:   30         SH:  0    Dex: 10    Spells: 2/2 levels left

rFire   . . .      SeeInvis .   a - +0 mace
rCold   . . .      Faith    .   (no shield)
rNeg    . . .      Spirit   .   b - +0 animal skin
rPois   .          Reflect  .   (helmet restricted)
rElec   .          Harm     .   (no cloak)
rCorr   .          Rampage  .   (gloves unavailable)
Will    .....                   (boots unavailable)
Stlth   +.........              (no amulet)
HPRegen 0.13/turn               (no ring)
MPRegen 0.08/turn               (no ring)

@: lethally poisoned (-3 -> -10), on berserk cooldown
A: large, unfitting armour, tough skin 1
a: Renounce Religion, Berserk


You were on level 2 of the Dungeon.
You worshipped Trog.
Trog was aware of your devotion.
You visited 1 branch of the dungeon, and saw 2 of its levels.

You collected 30 gold pieces.

Inventory:

Hand Weapons
 a - a +0 mace (weapon)
Armour
 b - a +0 animal skin (worn)
Scrolls
 c - a scroll of blinking {unknown}
 d - a scroll of noise {unknown}
 e - a scroll of fog {unknown}
 f - 2 scrolls of fear {unknown}
 h - a scroll of identify {unknown}


   Skills:
 + Level 4.7 Fighting
 + Level 3.2 Maces & Flails
 + Level 3.2 Dodging


You had 2 spell levels left.
You didn't know any spells.
Your spell library was empty.

Dungeon Overview and Level Annotations

Branches:
Dungeon (2/15)

Altars:


Innate Abilities, Weirdness & Mutations

You are too large for most types of armour.
You have tough skin. (AC +1)


Message History

The adder is moderately wounded.
You feel sick.
You are no longer poisoned.
The adder closely misses you. The adder bites you. x2
You hit the adder but do no damage.
The adder is moderately wounded.
The adder closely misses you. x2
You hit the adder.
The adder is almost dead.
The adder bites you but does no damage. The adder bites you.
You miss the adder.
The adder is almost dead.
The adder bites you. x3
You miss the adder.
The adder is almost dead.
The adder bites you. x2
You hit the adder but do no damage.
The adder is almost dead.
The adder bites you.
* * * LOW HITPOINT WARNING * * *
The adder bites you.
* * * LOW HITPOINT WARNING * * *
The adder bites you but does no damage.
You closely miss the adder. You punch the adder.
The adder is almost dead.
The adder bites you.
* * * LOW HITPOINT WARNING * * *
You are poisoned.
The adder poisons you! The adder bites you.
* * * LOW HITPOINT WARNING * * *
You are lethally poisoned!
The adder poisons you!
It was a potion of cancellation.
Your magical effects are unravelling.
You feel magically purged.
You feel yourself speed up.
* * * LOW HITPOINT WARNING * * *
You feel very sick. The adder bites you.
You die...

# ## #. ... #.
....#.##########+###+###
............. ..>.#.....
..........#####...#.....
#..@S.........#.....
#####.####.#.##.....
........#.##.....
#.#.####.#.##.....
#...............##
#...####...###..# ...#
#...###..# ...#
..........#
#.##...####.##


You could see an adder.

Vanquished Creatures
  An adder (D:2)
  3 dart slugs
  4 endoplasms (D:1)
  2 giant cockroaches
  A hobgoblin (D:1)
  4 jackals (D:1)
  A quokka (D:1)
  3 ball pythons (D:1)
  4 bats (D:1)
  A frilled lizard (D:1)
  4 kobolds
28 creatures vanquished.

Notes
Turn   | Place    | Note
-------+----------+-------------------------------------------
     0 | D:1      | bobregger the Ogre Berserker began the quest for the Orb.
     0 | D:1      | Reached XP level 1. HP: 24/24 MP: 1/1
   322 | D:1      | Reached XP level 2. HP: 32/32 MP: 2/2
   530 | D:1      | Found a faded altar of an unknown god.
   732 | D:1      | Reached XP level 3. HP: 39/40 MP: 3/3
  1169 | D:2      | HP: 1/40 [poisoned by an adder]
  1169 | D:2      | Slain by an adder

Illustrated notes

Levels and vault maps discovered:
D:1:      psy_arrival_spokes, layout_basic,
          chequers_ecumenical_altar_simple_redux, st_stairs_10
D:2:      layout_basic, basic_altar, uniq_robin, uniq_terence

Skill      XL: |  1  2 |
---------------+-------+-----
Maces & Flails | 3 |  3.2
Dodging        | 3 |  3.2
Fighting       | |  4.7

Action                   || total
-------------------------++-------
Melee: Mace              ||    86
       Punch             ||     1
Invok: Berserk           ||     2
  Use: Potion            ||     1
Armor: Animal skin       ||    45
Dodge: Dodged            ||    63
